 Seeded DCSS version 0.30-a0-883-g5ad918d77d (webtiles) character file.

Game seed: 7547814903460644772 (custom seed)

1560 tkbsonic5 the Charlatan (level 8, -7/62 HPs)
             Began as a Mummy Artificer on Mar 16, 2023.
             Was a Priest of Lugonu.
             Mangled by a wight
             ... wielding a +0 halberd
              (8 damage)
             ... on level 7 of the Dungeon on Mar 17, 2023.
             The game lasted 00:23:26 (4474 turns).

tkbsonic5 the Charlatan (Mummy Artificer)           Turns: 4474, Time: 00:23:27

Health: -7/62      AC:  8    Str: 17    XL:     8   Next: 58%
Magic:  3/11       EV:  9    Int:  7    God:    Lugonu [***...]
Gold:   354        SH:  3    Dex: 10    Spells: 7/7 levels left

rFire   . . .      SeeInvis .    j - +6 short sword (freeze)
rCold   . . .      Faith    +    p - +0 buckler
rNeg    + + +      Spirit   .    f - +1 scale mail "Vablited" {rN+++ Int-4 Dex-2 Slay+3}
rPois   ∞          Reflect  .    l - +0 helmet
rElec   .          Rampage  .    (no cloak)
rCorr   .                        (no gloves)
Will    +....                    (no boots) Stlth
                                 (no amulet)
HPRegen 0.30/turn                k - ring of fire
MPRegen 0.12/turn                (no ring)

@: no status effects
A: cold resistance 1, negative energy resistance 3, torment resistance 2, heat
vulnerability 1, in touch with death 1, no potions, faith
a: Renounce Religion, Depart the Abyss, Banish


You were on level 7 of the Dungeon.
You worshipped Lugonu.
Lugonu was most pleased with you.
You visited 1 branch of the dungeon, and saw 6 of its levels.

You collected 354 gold pieces.

Inventory:

Hand Weapons
 e - a +0 flail of protection
 h - a +5 dagger {American Dagger}
 j - a +6 short sword of freezing (weapon)
 m - a +4 great sword
Armour
 b - a +0 leather armour
 f - the +1 scale mail "Vablited" (worn) {rN+++ Int-4 Dex-2 Slay+3}
   (You found it on level 7 of the Dungeon)

   Int:       It affects your intelligence (-4).
   Dex:       It affects your dexterity (-2).
   Slay:      It affects your accuracy & damage with ranged weapons and melee
   (+3).
   rN:        It renders you almost immune to negative energy.
 i - a +0 scale mail
 l - a +0 helmet (worn)
 p - a +0 buckler (worn)
Magical Staves
 a - a staff of death
Jewellery
 k - a ring of fire (left hand)
Scrolls
 g - 3 scrolls of identify
 o - a scroll of magic mapping


   Skills:
 * Level 5.1 Fighting
 * Level 4.4 Short Blades
 - Level 0.4(2.7) Long Blades
 - Level 1.6 Armour
 - Level 1.0 Dodging
 - Level 0.7 Stealth
 * Level 4.3 Invocations
 * Level 5.3 Evocations


You had 7 spell levels left.
You didn't know any spells.
Your spell library contained the following spells:

 Spells                   Type           Power      Damage    Failure   Level
 Lesser Beckoning         Tloc           0%         N/A       97%         2
 Gell's Gravitas          Tloc           0%         N/A       100%        3
 Ignite Poison            Fire/Tmut/Pois 0%         N/A       100%        3
 Kindle Blastsparks       Fire/Tloc/Air  0%         2d10      100%        3
 Teleport Other           Tloc           0%         N/A       100%        3
 Freezing Cloud           Conj/Ice/Air   0%         6-21      100%        5


Dungeon Overview and Level Annotations

Branches:
Dungeon (7/15)
 Temple: D:4-7

Altars:
Ashenzari
Hepliaklqana
Makhleb
Nemelex Xobeh
Wu Jian
Yredelemnul
Lugonu

Annotations:
D:4 Dowan, Duvessa
Abyss:1 Joseph


Innate Abilities, Weirdness & Mutations

You are immune to poison.
Your flesh is cold resistant. (rC+)
You are immune to negative energy. (rN+++)
You are immune to unholy pain and torment.
You are vulnerable to heat. (rF-)
You are in touch with the powers of death.
You do not drink.
You have a special connection with the divine. (Faith)


Message History

The helpless wight fails to defend itself.
You impale the wight!!
You destroy the wight!
Lugonu accepts your kill.
The wight resists with significant effort.
The now-empty wand crumbles to dust.
You hit the wight but do no damage.
The wight hits you with a +5 morningstar of freezing!
The wight freezes you. The wight closely misses you.
You puncture the wight!
The wight is heavily damaged.
The wight hits you with a +5 morningstar of freezing.
The wight freezes you.
The wight hits you from afar with a +0 halberd.
You hit the wight but do no damage.
The wight is heavily damaged.
You hit the wight.
The wight is severely damaged.
The wight closely misses you. The wight barely misses you.
You closely miss the wight.
The wight is severely damaged.
The wight hits you with a +5 morningstar of freezing!
The wight freezes you. The wight closely misses you.
Okay, then.
Press: ? - help, Shift-Dir - straight line, f/p - wight
Aim: a wight, wielding a +5 morningstar of freezing and wearing a +0 robe (severely damaged, chance to affect: 82%)
The wight barely resists.
The wight hits you with a +5 morningstar of freezing.
The wight freezes you. You block the wight's attack.
Really renounce your faith, foregoing its fabulous benefits?
Okay, then.
Press: ? - help, Shift-Dir - straight line, f/p - wight
Aim: a wight, wielding a +5 morningstar of freezing and wearing a +0 robe (severely damaged, chance to affect: 82%)
The wight barely resists.
The wight hits you with a +5 morningstar of freezing!
* * * LOW HITPOINT WARNING * * *
The wight freezes you.
* * * LOW HITPOINT WARNING * * *
The wight hits you from afar with a +0 halberd!
You die...

##....#.#.###*,*,,,,,,,,,,°°.°°..
##.#..#.#.#***,*,*********#######
'..#......#,,>,*,,,,,,,,,,☼☼☼☼?(?
####....###,*##***********#######
####....# *,*..,,,,,,,,,,,....###
##......# *,*#.***********###.*
#.##...# #.##.* #,* #.##...#
#....######********,* #....?.#
****#.@zz.#,,,,,,,,,* ###.[..####
##.###.#,********* #....'..#
#....#,*,* ##...##(# #..#.#,*,*
#...##.###..#.#,,,*
######........#**** ##########


You could see 2 wights.

Vanquished Creatures
  Edmund (D:4)
  A water moccasin (D:7)
  An orc warrior (D:7)
  A black bear (D:7)
  A bullfrog (D:7)
  2 scorpions (D:4)
  6 wights (D:7)
  A hound (D:4)
  A gnoll bouda (D:5)
  Jessica (D:2)
  A sleepcap (D:5)
  Ijyb (D:5)
  8 gnolls
  4 adders
  A shadow imp (D:5)
  A worm (D:2)
  6 orcs
  5 ball pythons
  4 bats
  5 endoplasms
  6 giant cockroaches
  9 hobgoblins
  7 jackals
  5 quokkas
  2 frilled lizards
  6 goblins
  8 kobolds
  3 rats
98 creatures vanquished.

Vanquished Creatures (collateral kills)
  A goblin (D:2)
  A frilled lizard (D:3)
2 creatures vanquished.

Vanquished Creatures (others)
  2 orc wizards (D:3)
  An orc (D:3)
3 creatures vanquished.

Grand Total: 103 creatures vanquished

Notes
Turn   | Place    | Note
-------+----------+-------------------------------------------
     0 | D:1      | tkbsonic5 the Mummy Artificer began the quest for the Orb.
     0 | D:1      | Reached XP level 1. HP: 15/15 MP: 1/1
    38 | D:1      | Found a faded altar of an unknown god.
    49 | D:1      | Prayed at the altar of an unknown god.
    49 | D:1      | Became a worshipper of Lugonu the Unformed
    49 | D:1      | Reached * piety under Lugonu
   133 | D:1      | Reached XP level 2. HP: 21/21 MP: 2/2
   476 | D:2      | Reached ** piety under Lugonu
   661 | D:2      | Reached skill level 1 in Dodging
   661 | D:2      | Reached skill level 1 in Invocations
   661 | D:2      | Gained mutation: You are in touch with the powers of death.
                  | [Mummy growth]
   661 | D:2      | Reached XP level 3. HP: 27/27 MP: 3/3
   664 | D:2      | Noticed Jessica
   665 | D:2      | Killed Jessica
   666 | D:2      | Reached skill level 1 in Short Blades
   728 | D:2      | Reached XP level 4. HP: 33/33 MP: 4/4
  1473 | D:3      | Found an ornate altar of the Wu Jian Council.
  1708 | D:3      | Found a broken altar of Ashenzari.
  2159 | D:4      | Found a burning altar of Makhleb.
  2160 | D:4      | Noticed an angel
  2160 | D:4      | Noticed an Executioner
  2180 | D:4      | Reached XP level 5. HP: 39/39 MP: 6/6
  2222 | D:4      | Reached *** piety under Lugonu
  2405 | D:4      | Found a basalt altar of Yredelemnul.
  2490 | D:4      | Found a sparkling altar of Nemelex Xobeh.
  2710 | D:4      | Noticed Edmund
  2728 | D:4      | Killed Edmund
  2729 | D:4      | Reached XP level 6. HP: 11/47 MP: 2/7
  3230 | D:4      | Noticed Dowan
  3230 | D:4      | Noticed Duvessa
  3568 | D:5      | Entered Level 5 of the Dungeon
  3639 | D:5      | Noticed Ijyb
  3641 | D:5      | Paralysed by Ijyb for 3 turns
  3649 | D:5      | Killed Ijyb
  3651 | D:5      | Reached XP level 7. HP: 48/52 MP: 8/8
  3742 | D:5      | You fall into a shaft and drop 2 floors!
  3756 | D:7      | Identified the +1 scale mail "Vablited" {rN+++ Int-4 Dex-2
                  | Slay+3}
  4081 | D:7      | Noticed Joseph
  4083 | D:7      | Banished Joseph
  4084 | D:7      | Reached XP level 8. HP: 50/61 MP: 1/10
  4223 | D:7      | Reached skill level 5 in Evocations
  4256 | D:7      | Noticed a troll
  4256 | D:7      | Noticed a slime creature
  4294 | D:7      | Found a faded altar of an unknown god.
  4294 | D:7      | Found a faded altar of an unknown god.
  4322 | D:7      | Found a hazy altar of Hepliaklqana.
  4464 | D:7      | Reached skill level 5 in Fighting
  4474 | D:7      | HP: 1/62 [wight/+5 morningstar of freezing (3)]
  4474 | D:7      | Mangled by a wight

Illustrated notes

Levels and vault maps discovered:
D:1:      lordsloth_arrival_two_stooges, layout_basic,
          chequers_ecumenical_altar_simple
D:2:      layout_loops_ring, uniq_jessica
D:3:      layout_rooms, ashenzari_conservatory_becter,
          pdpol_wu_jian_five_deadly_venoms, kennysheep_generic_room_14
D:4:      layout_loops_corners, grunt_temple_overflow_order_and_chaos_2,
          kennysheep_mini_moat, nemelex_xobeh_ov_fountains_minmay,
          gup_sewer_entry_spiral, uniq_robin, uniq_edmund, uniq_duvessa
D:5:      layout_basic, grunt_temple_overflow_growth_and_decay,
          nicolae_overflow_hidden_temple, minivault_23,
          minmay_gold_behind_fungi, uniq_ijyb
D:7:      lemuel_ice_spiral_2, layout_basic,
          nicolae_hepliaklqana_ecumenical_no_more, lightli_corner_chamber,
          uniq_crazy_yiuf_cottage, uniq_joseph

Skill      XL: |  1  2  3  4  5  6  7  8 |
---------------+-------------------------+-----
Dodging        | 1 |  1.0
Invocations    | 1 2 3 4 |  4.3
Fighting       | 2 3 4 5 |  5.1
Short Blades   | 1 2 3 4 |  4.4
Evocations     | 3 4 5 |  5.3
Long Blades    | |  0.4
Armour         | |  1.6
Stealth        | |  0.7

Action                     |  1- 3 |  4- 6 |  7- 9 || total
---------------------------+-------+-------+-------++-------
  Melee: Club              |     7 |       |       ||     7
         Rapier            |     9 |       |       ||     9
         Dagger            |     9 |   222 |    19 ||   250
         Short sword       |       |       |    15 ||    15
 Invoke: Banish            |       |     1 |     4 ||     5
  Evoke: Wand              |    20 |    18 |    15 ||    53
    Use: Scroll            |     1 |    10 |     1 ||    12
   Stab: Sleeping          |       |     1 |       ||     1
         Paralysed         |       |       |     4 ||     4
 Armour: Leather armour    |     4 |    12 |       ||    16
         Scale mail        |       |    52 |    11 ||    63
  Dodge: Dodged            |    13 |    79 |    15 ||   107
  Block: Buckler           |       |    17 |     7 ||    24

Table legend: (Time is in decaauts)
 A = Elapsed time spent in this place.
 B = Non-inter-level travel time spent in this place.
 C = Inter-level travel time spent in this place.
 D = Time resting spent in this place.
 E = Time spent auto-exploring this place.
 F = Levels seen in this place.
 G = Mean time per level.
                   A        B        C        D        E       F      G
               +--------+--------+--------+--------+--------+-----+--------+
         Total |   4460 |   4375 |     85 |    173 |   3283 |   6 |  743.3 |
       Dungeon |   4460 |   4375 |     85 |    173 |   3283 |   6 |  743.3 |
               +--------+--------+--------+--------+--------+-----+--------+

Top non-repeatable levels by time:
     D:4: 1445 daAuts
     D:3: 861 daAuts
     D:2: 794 daAuts
     D:7: 726 daAuts
     D:1: 460 daAuts
     D:5: 171 daAuts
